 Dungeon Crawl Stone Soup version 0.30-a0-870-gc5d4c5acee (webtiles) character file.

Game seed: 9053974364887837708

7 Mickster the Sneak (level 1, -2/18 HPs)
             Began as a Demonspawn Delver on Mar 11, 2023.
             Slain by a quokka (4 damage)
             ... on level 4 of the Dungeon.
             The game lasted 00:01:32 (70 turns).

Mickster the Sneak (Demonspawn Delver)                Turns: 70, Time: 00:01:33

Health: -2/18      AC:  3    Str: 12    XL:     1   Next: 91%
Magic:  1/1        EV: 11    Int: 11    God:
Gold:   0          SH:  0    Dex: 14    Spells: 0/0 levels left

rFire   . . .      SeeInvis .    a - +0 falchion
rCold   . . .      Faith    .    (no shield)
rNeg    . . .      Spirit   .    b - +0 leather armour
rPois   .          Reflect  .    (no helmet)
rElec   .          Rampage  .    (no cloak)
rCorr   .                        (no gloves)
Will    .....                    (no boots)
Stlth   +++                      (no amulet)
HPRegen 0.23/turn                (no ring)
MPRegen 0.07/turn                (no ring)

@: no status effects
A: no striking features
a: no special abilities


You were on level 4 of the Dungeon.
You visited 1 branch of the dungeon, and saw 2 of its levels.

Inventory:

Hand Weapons
 a - a +0 falchion (weapon)
Armour
 b - a +0 leather armour (worn)
Wands
 g - a wand of digging (3)
Scrolls
 c - a scroll of fog
 d - a scroll of magic mapping
 e - a scroll of fear
Potions
 f - a potion of haste


   Skills:
 + Level 3.2 Fighting
 + Level 1.7 Long Blades
 + Level 0.3 Armour
 + Level 1.7 Dodging
 + Level 4.7 Stealth


You couldn't memorise any spells.
You didn't know any spells.
Your spell library was empty.

Dungeon Overview and Level Annotations

Branches:
Dungeon (5/15)
 Temple: D:4-7

Altars:

Portals:
Sewer: D:4


Message History

You closely miss the quokka.
The ball python hisses angrily.
The quokka closely misses you. The quokka bites you.
You closely miss the quokka. The quokka closely misses you.
A ball python comes into view.
The ball python hisses angrily.
You hit the quokka but do no damage. The quokka bites you.
The quokka misses you.
You closely miss the quokka. The ball python bites you.
The ball python grabs you. The ball python constricts you.
The quokka closely misses you.
You hit the quokka.
The quokka is moderately wounded.
The ball python bites you. The ball python constricts you.
The quokka bites you but does no damage.
The ball python completely misses you. The ball python constricts you.
The quokka bites you.
* * * LOW HITPOINT WARNING * * *
You hit the ball python.
You kill the ball python!
The quokka bites you but does no damage.
The ball python barely misses you. The ball python grabs you.
The ball python constricts you.
You hit the ball python.
The ball python is severely wounded.
You hear the slow rusting of a drain very nearby.
The quokka barely misses you. The ball python barely misses you.
The ball python constricts you. The quokka barely misses you.
You hit the ball python.
You kill the ball python!
The quokka bites you.
* * * LOW HITPOINT WARNING * * *
You closely miss the quokka.
The quokka is lightly wounded.
The quokka barely misses you.
You miss the quokka. You punch the quokka.
The quokka is heavily wounded.
The quokka bites you but does no damage.
The quokka bites you.
You die...

#.# #.#
#>#####.# .
#.......# ~~
#..#.#### ~≈≈
#).#.# ...≈
##..#.# ..~≈~
#.†.#.##
∩..≈~.#†.....##
...~~$†@r.....#
...≈~.#.##...##
≈~≈##.#.# #..#
~≈ # #.# ..#
#.# ..# ... .#
#.. #..


You could see a quokka.

Vanquished Creatures
  3 ball pythons (D:4)
  A giant cockroach (D:4)
  A goblin (D:4)
  A hobgoblin (D:4)
  A bat (D:4)
7 creatures vanquished.

Notes
Turn   | Place    | Note
-------+----------+-------------------------------------------
     0 | D:5      | Mickster the Demonspawn Delver began the quest for the Orb.
     0 | D:5      | Reached XP level 1. HP: 18/18 MP: 1/1
    52 | D:4      | Found a glowing drain.
    70 | D:4      | Slain by a quokka

Illustrated notes

Levels and vault maps discovered:
D:4:      layout_loops_ring, serial_shops, kennysheep_mini, shop, shop_statue,
          shop, cheibrodos_sewer_entry_sluice
D:5:      layout_loops_ring, minitemple, minmay_shop_damaged

Action                     || total
---------------------------++-------
  Melee: Falchion          ||    24
         Punch             ||     1
   Stab: Sleeping          ||     1
 Armour: Leather armour    ||     8
  Dodge: Dodged            ||    19

Table legend: (Time is in decaauts)
 A = Elapsed time spent in this place.
 B = Non-inter-level travel time spent in this place.
 C = Inter-level travel time spent in this place.
 D = Time resting spent in this place.
 E = Time spent auto-exploring this place.
 F = Levels seen in this place.
 G = Mean time per level.
                   A        B        C        D        E       F      G
               +--------+--------+--------+--------+--------+-----+--------+
         Total |     74 |     74 |      0 |      0 |      0 |   2 |   37.0 |
       Dungeon |     74 |     74 |      0 |      0 |      0 |   2 |   37.0 |
               +--------+--------+--------+--------+--------+-----+--------+

Top non-repeatable levels by time:
     D:4: 53 daAuts
     D:5: 21 daAuts
